 Dungeon Crawl Stone Soup version 0.29-a0-330-g52719c12eb (webtiles) character file.

Game seed: 11458068849852458773

2380 kae the Arsonist (level 9, -13/54 HPs)
             Began as a Tengu Fire Elementalist on Apr 14, 2022.
             Was an Initiate of Ashenzari.
             Killed by vampiric draining
             ... invoked by a vampire
              (19 damage)
             ... on level 7 of the Dungeon.
             The game lasted 00:05:11 (10972 turns).

kae the Arsonist (Tengu Fire Elementalist)         Turns: 10972, Time: 00:05:11

Health: -13/54     AC:  3    Str:  9    XL:     9   Next: 45%
Magic:  5/18       EV: 14    Int: 20    God:    Ashenzari [......]
Gold:   406        SH:  0    Dex: 14    Spells: 5/18 levels left

rFire   + + .      SeeInvis .   g - +9 great mace of Proximity {drain, Drain rF++ rC+ rCorr}
rCold   + . .      Faith    .   (shield currently unavailable)
rNeg    . . .      Spirit   .   a - +0 robe
rPois   .          Reflect  .   (helmet restricted)
rElec   .          Harm     .   d - +0 cloak
rCorr   +          Rampage  .   (no gloves)
Will    .....                   (boots unavailable)
Stlth   ++........              (no amulet)
HPRegen 0.18/turn               (no ring)
MPRegen 0.16/turn               (no ring)

@: flying quickly and evasively, quick
A: beak, talons 3, nimble flight
a: Renounce Religion


You were on level 7 of the Dungeon.
You worshipped Ashenzari.
Ashenzari was noncommittal.
You visited 2 branches of the dungeon, and saw 9 of its levels.

You collected 406 gold pieces.

Inventory:

Hand Weapons
 f - a +0 hand axe
 g - the +9 great mace of Proximity (weapon) {drain, Drain rF++ rC+ rCorr}
   (You found it on level 2 of the Dungeon)

   A truly terrible weapon, it drains the life of any living foe it strikes.
   rF:        It greatly protects you from fire.
   rC:        It protects you from cold.
   rCorr:     It protects you from acid and corrosion.
   Drain:     It drains your maximum health when unequipped.
Missiles
 w - a throwing net
Armour
 a - a +0 robe (worn)
 d - a +0 cloak (worn)
 n - a +2 buckler
Jewellery
 q - a ring of fire
Wands
 o - a wand of charming (9)
Scrolls
 e - 4 scrolls of teleportation
 m - 2 scrolls of fog
 r - a scroll of fear
 u - 2 scrolls of blinking
 v - a scroll of amnesia
Potions
 b - a potion of magic
 c - 5 potions of curing
 h - a potion of might
 i - 2 potions of heal wounds
 j - a potion of lignification
 k - a potion of attraction {unknown}
 l - a potion of haste {unknown}
 x - a potion of invisibility {unknown}


   Skills:
 + Level 5.2 Fighting
 - Level 2.1 Dodging
 - Level 2.0 Stealth
 + Level 5.4 Spellcasting
 + Level 7.3 Conjurations
 * Level 9.3 Fire Magic


You had 5 spell levels left.
You knew the following spells:

 Your Spells              Type           Power      Damage    Failure   Level
a - Foxfire               Conj/Fire      100%       2x1d9     1%          1
b - Scorch                Fire           84%        2d9       1%          2
c - Conjure Flame         Conj/Fire      38%        6-21      1%          3
d - Inner Flame           Hex/Fire       24%        N/A       4%          3
e - Flame Wave            Conj/Fire      38%        2d9       3%          4

Your spell library contained the following spells:

 Spells                   Type           Power      Damage    Failure   Level
 Freeze                   Ice            20%        1d4       11%         1
 Portal Projectile        Hex/Tloc       10%        N/A       32%         3
 Blade Hands              Tmut           2%         N/A       97%         5
 Excruciating Wounds      Necr           2%         N/A       97%         5


Dungeon Overview and Level Annotations

Branches:
Dungeon (8/15)             Temple (1/1) D:7
   Lair: D:8-11

Altars:
Ashenzari
Cheibriados
Dithmenos
Elyvilon
Hepliaklqana
Kikubaaqudgha
Makhleb
Nemelex Xobeh
Okawaru
Qazlal
Ru
Sif Muna
Trog
Uskayaw
Wu Jian
Xom
Yredelemnul
Zin
The Shining One


Innate Abilities, Weirdness & Mutations

You have a beak for a mouth.
You have claws for feet.
Your magical nature lets you fly swiftly and evasively.


Message History

The vampire misses you. x2
The vampire hits you! The vampire bites you!
* * * LOW HITPOINT WARNING * * *
The vampire draws strength from your injuries!
Casting: Scorch (safe; 1% risk of failure)
Confirm with . or Enter, or press ? or * to list all spells.
Flames lash the vampire but do no damage.
The vampire barely misses you. The vampire closely misses you.
The vampire points at you and mumbles some strange words.
You resist with some effort.
Casting: Scorch (safe; 1% risk of failure)
Confirm with . or Enter, or press ? or * to list all spells.
Flames lash the vampire but do no damage.
The vampire is no longer more vulnerable to fire.
The vampire casts a spell at you.
You are confused.
The vampire barely misses you. The vampire closely misses you.
You're too confused to cast spells.
Unknown command.
You feel much better. The vampire barely misses you. The vampire bites you.
The vampire draws strength from your injuries!
Okay, then.
You're too confused to cast spells.
You're too confused to cast spells.
You're too confused to cast spells.
You sock the vampire! You peck the vampire.
The vampire is almost destroyed.
The vampire hits you. The vampire closely misses you.
The vampire mumbles some strange words.
The vampire flickers and vanishes!
Deactivating autopickup; reactivate with Ctrl-A.
You miss something. Your kick misses something. Your peck misses something.
You feel less confused. Something hits you! Something bites you.
Something draws strength from your injuries!
You closely miss something. Your kick misses something.
Something draws life force from you!
* * * LOW HITPOINT WARNING * * *
Something draws life force from you!!
You die...

#############
##.....#.....## ####
##.............####..#
#...............##....
#....@{.........##.##.
#.....>.........##.###
#........)......##.#
#.[.............##.#
##>..........<...#.#
##.....#.....##...###
#######.########...#
#.# ##..#.. #.#
#..##..


There were no monsters in sight!

Vanquished Creatures
  2 wyverns
  An acid dragon (D:8)
  A water moccasin (D:7)
  A black bear (D:6)
  A sky beast (D:5)
  2 ice beasts
  A phantom (D:3)
  2 kobold brigands
  A gnoll sergeant (D:7)
  A necrophage (D:6)
  A bullfrog (D:8)
  A howler monkey (D:4)
  2 jellies
  5 hounds
  3 orc priests (D:6)
  4 iguanas
  5 orc wizards
  A mummy (D:7)
  28 gnolls
  5 adders
  A white imp (D:6)
  An ufetubus (D:4)
  3 worms
  4 dart slugs
  43 orcs
  3 endoplasms
  2 giant cockroaches
  5 goblins
  6 hobgoblins
  17 jackals
  14 kobolds
  9 quokkas
  8 ball pythons
  5 bats
  4 frilled lizards
  8 rats
201 creatures vanquished.

Vanquished Creatures (others)
  2 demonic plants (D:6)
  337 foxfires
  A plant (D:4)
340 creatures vanquished.

Grand Total: 541 creatures vanquished

Notes
Turn   | Place    | Note
-------+----------+-------------------------------------------
     0 | D:1      | kae the Tengu Fire Elementalist began the quest for the
                  | Orb.
     0 | D:1      | Reached XP level 1. HP: 10/10 MP: 4/4
   205 | D:1      | Reached XP level 2. HP: 16/16 MP: 3/6
   723 | D:1      | Reached XP level 3. HP: 20/20 MP: 4/7
  1007 | D:2      | Identified the +9 great mace of Proximity {drain, Drain
                  | rF++ rC+ rCorr}
  1055 | D:2      | Reached skill level 1 in Fighting
  1519 | D:2      | Reached skill level 4 in Fire Magic
  2232 | D:2      | Reached XP level 4. HP: 25/25 MP: 8/8
  2612 | D:3      | Noticed a phantom
  2617 | D:3      | Killed a phantom
  2618 | D:3      | Gained mutation: Your magical nature lets you fly swiftly
                  | and evasively. [Tengu growth]
  2618 | D:3      | Reached XP level 5. HP: 29/30 MP: 8/10
  3083 | D:3      | Reached skill level 5 in Fire Magic
  3205 | D:3      | Found a faded altar of an unknown god.
  3217 | D:3      | Got Plato's Catalogue of Snow
  3965 | D:4      | Reached XP level 6. HP: 8/35 MP: 8/11
  4698 | D:4      | Reached XP level 7. HP: 40/40 MP: 1/13
  4912 | D:4      | Reached skill level 6 in Fire Magic
  4969 | D:4      | Found a sparkling altar of Nemelex Xobeh.
  5853 | D:4      | Reached skill level 5 in Conjurations
  6359 | D:4      | Noticed a wyvern
  6363 | D:4      | Killed a wyvern
  6364 | D:4      | Reached skill level 7 in Fire Magic
  6364 | D:4      | Reached XP level 8. HP: 18/47 MP: 13/15
  6637 | D:4      | Found a shimmering blue altar of Sif Muna.
  6685 | D:5      | Entered Level 5 of the Dungeon
  6941 | D:5      | Learned a level 2 spell: Scorch
  6945 | D:5      | Learned a level 3 spell: Conjure Flame
  6949 | D:5      | Learned a level 3 spell: Inner Flame
  6954 | D:5      | Learned a level 4 spell: Flame Wave
  8356 | D:6      | Reached skill level 8 in Fire Magic
  8963 | D:7      | Reached XP level 9. HP: 19/52 MP: 12/17
  9289 | D:7      | Found a hazy altar of Hepliaklqana.
  9419 | D:7      | Reached skill level 5 in Spellcasting
 10289 | D:7      | Found a staircase to the Ecumenical Temple.
 10302 | D:7      | Found a snail-covered altar of Cheibriados.
 10319 | Temple   | Entered the Ecumenical Temple
 10384 | Temple   | Became a worshipper of Ashenzari the Shackled
 10503 | D:7      | Found a stormy altar of Qazlal.
 10589 | D:8      | Reached skill level 5 in Fighting
 10589 | D:8      | Reached skill level 9 in Fire Magic
 10972 | D:7      | Killed from afar by a vampire

Illustrated notes

Levels and vault maps discovered:
D:1:      shiori_shiawase, layout_basic
D:2:      layout_basic, minmay_3d_cube
D:3:      layout_basic, shapermc_ecumenical_altar_rom_forum,
          minmay_misc_feat_more_columns
D:4:      lemuel_castle_with_subvaults [lemuel_castle_interior_original],
          layout_loops_ring, nemelex_xobeh_ov_fountains_minmay, kennysheep_mini,
          minmay_quadrilaterals
D:5:      layout_loops_ring
D:6:      layout_loops_ring, dreamdust_princess_corridor,
          kennysheep_opposing_triangles
D:7:      layout_rooms, mainiacjoe_overflow_catwalk, slow_altar_1,
          nicolae_qazlal_eye_of_the_storm, temple_green
D:8:      layout_loops_ring, lemuel_doored_altar, special_room
          [special_room_orc], enter_bailey_2, nzn_life_drinkers, uniq_joseph
Temple:   eino_temple_lava

Skill      XL: |  1  2  3  4  5  6  7  8  9 |
---------------+----------------------------+-----
Conjurations   | 2 3 4 5 6 7 |  7.3
Fighting       | 1 2 3 4 5 |  5.2
Fire Magic     | 4 5 7 8 9 |  9.3
Spellcasting   | 3 4 5 |  5.4
Dodging        | |  2.1
Stealth        | |  2.0

Action                   |  1- 3 |  4- 6 |  7- 9 || total
-------------------------+-------+-------+-------++-------
Melee: Unarmed           |     6 |       |       ||     6
       Kick              |     5 |    19 |    13 ||    37
       Peck              |     7 |     3 |     7 ||    17
       Great mace        |    22 |    92 |    63 ||   177
 Cast: Foxfire           |    31 |    19 |   159 ||   209
       Scorch            |       |       |    41 ||    41
       Conjure Flame     |       |       |     2 ||     2
  Use: Scroll            |     2 |     1 |    11 ||    14
       Potion            |       |     2 |     1 ||     3
 Stab: Sleeping          |     1 |     1 |     2 ||     4
Armor: Robe              |     6 |    17 |    18 ||    41
Dodge: Dodged            |    20 |   125 |   129 ||   274

Table legend: (Time is in decaauts)
 A = Elapsed time spent in this place.
 B = Non-inter-level travel time spent in this place.
 C = Inter-level travel time spent in this place.
 D = Time resting spent in this place.
 E = Time spent auto-exploring this place.
 F = Levels seen in this place.
 G = Mean time per level.
                   A        B        C        D        E       F      G
               +--------+--------+--------+--------+--------+-----+--------+
         Total |  10738 |  10461 |    277 |   1775 |   7263 |   9 | 1193.1 |
       Dungeon |  10669 |  10402 |    267 |   1775 |   7212 |   8 | 1333.6 |
        Temple |     68 |     59 |      9 |      0 |     51 |   1 |   68.0 |
               +--------+--------+--------+--------+--------+-----+--------+

Top non-repeatable levels by time:
     D:4: 2518 daAuts
     D:6: 1745 daAuts
     D:2: 1648 daAuts
     D:3: 1470 daAuts
     D:7: 1266 daAuts
     D:1: 971 daAuts
     D:5: 952 daAuts
     D:8: 97 daAuts
  Temple: 68 daAuts
